Cogmind - Beta 15 @@@ ROGUE MODE // 2025.05.15 @ 22:12:07 Player: Bardic Entropy Result: Self-destructed Performance ------------- Evolutions (2) 1000 Regions Visited (3) 600 Robots Destroyed (48) 240 Value Destroyed (1199) 1199 Prototype IDs (1) 20 Alien Tech Used (0) 0 Bonus (0) 0 TOTAL SCORE: 3059 Bonus ------- None Cogmind --------- Core Integrity 427/550 Matter 192/300 Energy 160/160 System Corruption 0% Temperature Cool (0) Movement Core (600) Ox11 Location -8/Materials Parts ------- > --- POWER (1) -------- Light Nuclear Core > --- PROPULSION (3) --- Subdweller Monowheel > --- UTILITY (4) ------ Large Storage Unit Improved Sensor Array Signal Interpreter Targeting Computer > --- WEAPON (3) ------- Autogun Minigun Power Maul > --- INVENTORY (15) --- Compact Wheel Medium Matter Pod (100) Improved Signal Interpreter Medium Armor Plating Medium Armor Plating Medium Armor Plating Hardened Medium Armor Plating Autogun Battle Rifle Improved Light Cannon Improved Light Cannon Improved Light Cannon Improved Light Cannon Battle Cannon Rocket Array Peak State ------------ > --- POWER ------------ Light Nuclear Core > --- PROPULSION ------- Improved Treads Compact Wheel Subdweller Monowheel > --- UTILITY ---------- Large Storage Unit Improved Sensor Array Signal Interpreter Targeting Computer > --- WEAPON ----------- Autogun Minigun Power Maul > --- INVENTORY -------- Compact Wheel Medium Matter Pod Improved Signal Interpreter Medium Armor Plating Medium Armor Plating Medium Armor Plating Hardened Medium Armor Plating Autogun Battle Rifle Improved Light Cannon Improved Light Cannon Improved Light Cannon Improved Light Cannon Battle Cannon Rocket Array [Rating: 26] Favorites ----------- Power Light Ion Engine Engine Light Ion Engine Power Core Light Nuclear Core Propulsion Compact Wheel Treads Improved Treads Wheel Compact Wheel Utility Large Storage Unit Device Improved Sensor Array Storage Large Storage Unit Processor Targeting Computer Protection Medium Armor Plating Weapon Autogun Ballistic Gun Autogun Ballistic Cannon Improved Light Cannon Launcher Rocket Array Impact Weapon Power Maul Build | -11 -10 -10 -8 ------- Run | Yrd Mat Sub Mat Slots Evolved 4 | . . . 4 Power . | . . . . Propulsion 1 | . . . 1 Utility 2 | . . . 2 Weapon 1 | . . . 1 Parts Attached 43 | 9 13 5 16 Power 6 | 1 2 1 2 Engine 4 | 1 2 1 . Core 2 | . . . 2 Reactor . | . . . . Propulsion 10 | 4 2 2 2 Treads 1 | . . . 1 Leg . | . . . . Wheel 9 | 4 2 2 1 Hover . | . . . . Flight . | . . . . Utility 10 | 2 3 . 5 Device 3 | 1 . . 2 Storage 3 | 1 2 . . Processor 2 | . 1 . 1 Hackware . | . . . . Protection 2 | . . . 2 Artifact . | . . . . Weapon 17 | 2 6 2 7 Energy Gun . | . . . . Energy Cannon . | . . . . Ballistic Gun 8 | 2 2 1 3 Ballistic Cannon 6 | . 4 . 2 Launcher 2 | . . 1 1 Special Weapon . | . . . . Impact Weapon 1 | . . . 1 Slashing Weapon . | . . . . Piercing Weapon . | . . . . Special Melee Weapon . | . . . . Unidentified Prototypes 1 | . . . 1 Parts Lost 9 | . 1 3 5 Power 1 | . . 1 . Propulsion 4 | . 1 1 2 Utility 1 | . . . 1 Weapon 3 | . . 1 2 Highest Loss Streak 2 | . 1 2 2 To Critical Strikes . | . . . . Average Backups 12 | 2 11 14 14 Power . | . . . . Propulsion 1 | 1 1 . . Utility 5 | . 4 7 5 Weapon 6 | . 5 6 7 Tool/Special . | . . . . Unused Backups 15 | 1 5 . 9 Power . | . . . . Propulsion 2 | 1 . . 1 Utility 7 | . 2 . 5 Weapon 6 | . 3 . 3 Tool/Special . | . . . . Average Slot Usage (%) 98 | . 99 96 97 Engine 10 | . 14 11 5 Core 1 | . . . 3 Treads 3 | . . . 8 Wheel 23 | . 27 26 17 Device 5 | . 4 . 7 Storage 11 | . 14 14 9 Processor 13 | . 9 14 17 Ballistic Gun 21 | . 21 28 19 Ballistic Cannon 5 | . 6 . 5 Peak Build Rating 26 | 9 12 13 26 Average Rating 14 | 6 10 10 21 On Entrance 8 | . 9 11 13 Naked Turns . | . . . . Heaviest Build 42 | 12 32 31 42 Greatest Support 36 | 32 32 36 36 Greatest Overweight (x) 1 | . 1 . 1 Average Overweight (x) . | . . . . Largest Inventory Capacity 15 | 8 15 15 15 Average Capacity 14 | 7 14 15 15 Most Carried 15 | 5 15 15 15 Average Carried 12 | 2 11 14 14 Final Capacity 15 | 8 15 15 15 Final Carried 15 | 4 15 15 15 Class Distribution -------------------- 64% | Mutant 23% | Skirmisher 7% | Scavenger-Mutant 4% | Gunner Dominant Class ---------------- Mutant | -10/Materials Mutant | -10/Subcaves Skirmisher | -8/Materials Resources | -11 -10 -10 -8 ----------- Run | Yrd Mat Sub Mat Matter Collected 1487 | 326 295 161 705 Remotely . | . . . . Salvage Created 1587 | 164 322 161 940 Parts 107 | 13 36 14 44 Haulers Intercepted . | . . . . Recyclers Shooed 2 | 1 . . 1 Parts Field Recycled . | . . . . Retrieved Matter . | . . . . Parts Self-Destructed . | . . . . Prevented . | . . . . Kills | -11 -10 -10 -8 ------- Run | Yrd Mat Sub Mat Combat Hostiles Destroyed 30 | . 9 4 17 Melee 3 | . . . 3 Guns 22 | . 9 4 9 Cannons 4 | . . . 4 Classes Destroyed 12 | 2 4 1 5 Tunneler 5 | 5 . . . Recycler 5 | 1 . . 4 Mechanic 1 | . . . 1 Operator 4 | . 3 . 1 Watcher 3 | . 3 . . Swarmer 10 | . 6 . 4 Grunt 10 | . 3 . 7 Brawler 1 | . . . 1 Sentry 2 | . . . 2 Specialist 2 | . . . 2 Hunter 1 | . . . 1 Subdweller 4 | . . 4 . Best Kill Streak 6 | 3 5 2 6 Combat Bots Only 5 | . 5 2 3 Max Kills in Single Turn 2 | 1 1 1 2 Gunslinging . | . . . . Exploded . | . . . . Melee 1 | . . . 1 Uniques/NPCs Destroyed . | . . . . Combat | -11 -10 -10 -8 -------- Run | Yrd Mat Sub Mat Hostile Shots Fired 179 | . 40 31 108 Missed 49 | . 9 5 35 Hits 130 | . 31 26 73 Melee 1 | . . . 1 Projectile 129 | . 31 26 72 Critical Strikes 7 | . . 2 5 Damage Taken 1811 | 1 295 575 940 Core 348 | . 79 146 123 Absorbed by Shields . | . . . . Core Remaining (%) 55 | 100 . 10 . Volleys Fired 110 | 11 28 18 53 Largest 3 | 2 2 2 3 Hottest 79 | 40 66 46 79 Shots Fired 231 | 19 55 35 122 Gun 186 | 19 43 35 89 Cannon 45 | . 12 . 33 Launcher . | . . . . Special . | . . . . Kinetic 231 | 19 55 35 122 Thermal . | . . . . Explosive . | . . . . Electromagnetic . | . . . . Robot Hit Streak 19 | 10 8 15 19 Robot Miss Streak 4 | 1 4 1 4 Penetration Max . | . . . . Secondary Targets 3 | . 2 . 1 Max Gunslinging Chain 1 | . 1 . 1 Shots Hit Robots 167 | 13 28 33 93 Core Hits 67 | 7 18 8 34 Critical Kills 1 | . . . 1 Critical Parts Destroyed 2 | . . . 2 Critical Strikes 5 | . . . 5 Blast 2 | . . . 2 Smash 3 | . . . 3 Melee Attacks 13 | . . . 13 Impact 13 | . . . 13 Slashing . | . . . . Piercing . | . . . . Sneak Attacks . | . . . . Combat Hostiles . | . . . . Follow-up Attacks . | . . . . Damage Inflicted 2883 | 168 395 503 1817 Guns 1933 | 166 295 503 969 Cannons 574 | . 100 . 474 Explosions . | . . . . Melee 374 | . . . 374 Ramming 2 | 2 . . . Kinetic 2507 | 166 395 503 1443 Thermal . | . . . . Explosive . | . . . . Electromagnetic . | . . . . Impact 374 | . . . 374 Slashing . | . . . . Piercing . | . . . . Highest Corruption 1 | . 1 1 . Average Corruption 1 | . 1 1 . Corruption Purged . | . . . . Corruption Blocked . | . . . . Effects 7 | . 5 2 . Message Errors 2 | . 1 1 . Matter Fused 1 | . 1 . . Heat Flow Errors 2 | . 1 1 . Data Loss (major) 1 | . 1 . . Weapon Failures 1 | . 1 . . Overload Shots . | . . . . Overflow Damage 152 | . . . 152 Projectiles 3 | . . . 3 Explosions . | . . . . Melee 149 | . . . 149 Knockbacks 7 | . 1 . 6 Impact . | . . . . Kinetic 6 | . 1 . 5 Secondary 1 | . . . 1 Self-Inflicted Damage 1 | 1 . . . Shots . | . . . . Rammed 1 | 1 . . . Targets Rammed 1 | 1 . . . Kicked . | . . . . Crushed . | . . . . Highest Temperature 265 | . 265 150 58 Average Temperature 30 | . 45 90 21 Received Heat Transfer 585 | . 60 156 369 Siege Activations . | . . . . Martial Activations . | . . . . Shielding Activations . | . . . . Robots Disrupted . | . . . . Combat Hostiles . | . . . . Robots Corrupted 1 | . . . 1 Combat Hostiles 1 | . . . 1 Parts Fried . | . . . . Impact Corruptions 4 | . . . 4 Robots Melted . | . . . . Combat Hostiles . | . . . . Parts Melted . | . . . . Heat Transferred . | . . . . Parts Sabotaged . | . . . . Parts Stolen . | . . . . Parts Stripped . | . . . . Power Chain Reactions . | . . . . Alert | -11 -10 -10 -8 ------- Run | Yrd Mat Sub Mat Maximum Alert Level 1 | . . . 1 Low Security (%) 97 | 100 100 . 95 Level 1 2 | . . . 4 Level 2 . | . . . . Level 3 . | . . . . Level 4 . | . . . . Level 5 . | . . . . High Security . | . . . . Max Security . | . . . . Peak Influence 261 | 10 149 . 261 Initial . | . . . . Average 54 | 3 40 . 76 Influence Increases 933 | 30 312 . 591 Destroy 0b10 Robot/C 520 | . 180 . 340 Destroy 0b10 Robot/NC 90 | 30 30 . 30 Destroy Leader 126 | . 36 . 90 Successful Hack 41 | . 36 . 5 Disable Machine 15 | . 15 . . Destroy Structure 6 | . . . 6 Partial Spotted 15 | . . . 15 Lose Combat Pursuer 120 | . 15 . 105 Influence Decreases 672 | 30 312 . 330 Time Decay 622 | 30 302 . 290 Lost Part 50 | . 10 . 40 Squads Dispatched 9 | . . . 9 Investigation . | . . . . Extermination . | . . . . Reinforcement 6 | . . . 6 Assault . | . . . . Garrison 3 | . . . 3 Intercept . | . . . . Searches Triggered . | . . . . Construction Impeded . | . . . . Haulers Reinforced . | . . . . Active Scanning Responses . | . . . . Cargo Convoy Interrupts . | . . . . Stealth | -11 -10 -10 -8 --------- Run | Yrd Mat Sub Mat Distress Signals 3 | . 1 . 2 Communications Jammed . | . . . . Distress Signals . | . . . . Times Spotted 51 | . 18 4 29 Peak Tracking Total 7 | . 5 2 7 Tactical Retreats 6 | . 1 . 5 Traps | -11 -10 -10 -8 ------- Run | Yrd Mat Sub Mat Traps Triggered 1 | . 1 . . Indirectly . | . . . . Trap Hack Attempts . | . . . . Triggered . | . . . . Disarmed . | . . . . Reprogrammed . | . . . . Reused . | . . . . Traps Extracted . | . . . . Installed . | . . . . Triggered . | . . . . Machines | -11 -10 -10 -8 ---------- Run | Yrd Mat Sub Mat Machines Disabled 1 | . 1 . . Max in Single Turn 1 | . 1 . . Machines Repaired . | . . . . Machines Dismantled . | . . . . Machines Sabotaged . | . . . . Overloaded Fab Kills . | . . . . Hacking | -11 -10 -10 -8 --------- Run | Yrd Mat Sub Mat Machines Accessed 12 | . 8 2 2 Terminals 9 | . 8 . 1 Fabricators . | . . . . Repair Stations . | . . . . Recycling Units . | . . . . Scanalyzers 1 | . . . 1 Garrison Access . | . . . . Total Hacks 30 | . 22 2 6 Successful 21 | . 14 2 5 Failed 8 | . 7 . 1 Catastrophic 2 | . 1 . 1 Database Lockouts 1 | . 1 . . Manual 25 | . 23 . 2 Terminals 24 | . 22 . 2 Fabricators . | . . . . Repair Stations . | . . . . Recycling Units . | . . . . Scanalyzers 4 | . . . 4 Garrison Access . | . . . . Terminal Hacks 9 | . 7 2 . Record 1 | . . 1 . Robot Analysis 3 | . 3 . . Open Door 1 | . . 1 . Level Access Points 1 | . 1 . . Branch Access Points 1 | . 1 . . Locate Traps 1 | . 1 . . Zone Layout 1 | . 1 . . Fabricator Hacks . | . . . . Repair Station Hacks . | . . . . Recycling Unit Hacks . | . . . . Scanalyzer 4 | . . . 4 Insert Component 2 | . . . 2 Analyze 2 | . . . 2 Garrison Access Hacks . | . . . . Unauthorized Hacks 8 | . 7 . 1 Terminals 8 | . 7 . 1 Botnet 8 | . 7 . 1 Fabricators . | . . . . Repair Stations . | . . . . Recycling Units . | . . . . Scanalyzers . | . . . . Garrison Access . | . . . . Data Cores Recovered 3 | . 3 . . Used 2 | . 2 . . Hacking Detections 8 | . 6 . 2 Full Trace Events . | . . . . Feedback Events . | . . . . Feedback Blocked . | . . . . Robot Schematics Acquired . | . . . . Robots Built . | . . . . Authchips . | . . . . Time . | . . . . Total Robot Build Rating . | . . . . Part Schematics Acquired 2 | . . . 2 Parts Built . | . . . . Authchips . | . . . . Time . | . . . . Total Part Build Rating . | . . . . Parts Repaired . | . . . . Time . | . . . . Parts Recycled . | . . . . Recycled Matter . | . . . . Retrieved Matter . | . . . . Retrieved Components . | . . . . Parts Scanalyzed 2 | . . . 2 Part Schematics Acquired 2 | . . . 2 Parts Damaged . | . . . . Bothacking | -11 -10 -10 -8 ------------ Run | Yrd Mat Sub Mat Used RIF Installer . | . . . . Robots Hacked . | . . . . Non-combat . | . . . . Combat . | . . . . Robot Hacks Applied . | . . . . Relay Couplers Released . | . . . . Fabnet Peak Effective % . | . . . . Robots Rewired . | . . . . Allies Hacked . | . . . . Hacks Repelled . | . . . . Allies | -11 -10 -10 -8 -------- Run | Yrd Mat Sub Mat Total Allies . | . . . . Largest Group . | . . . . Highest-Rated Group . | . . . . Highest-Rated Ally . | . . . . Total Orders . | . . . . Ally Attacks . | . . . . Total Damage . | . . . . Kills . | . . . . Allies Corrupted . | . . . . Allies Melted . | . . . . Intel | -11 -10 -10 -8 ------- Run | Yrd Mat Sub Mat Active Infowar (turns) 1091 | 29 307 . 755 Sensors 755 | . . . 755 Terrain 336 | 29 307 . . Robot Analysis Total 3 | . 3 . . Derelict Logs Recovered . | . . . . Drone Launches . | . . . . Drone Recoveries . | . . . . Exploration | -11 -10 -10 -8 ------------- Run | Yrd Mat Sub Mat Turns Passed 2265 | 101 1011 259 894 Spaces Moved 1614 | 55 852 168 539 Core 3 | 3 . . . Treads 43 | . . . 43 Legs . | . . . . Wheels 1568 | 52 852 168 496 Hover . | . . . . Flight . | . . . . Fastest Speed 50 | 50 90 100 105 Average Speed 106 | 95 100 101 116 Slowest Speed 240 | 100 115 105 240 Overloaded Moves . | . . . . Propulsion Burnouts . | . . . . Robots Hopped . | . . . . Potential Cave-ins . | . . . . Cave-ins Triggered . | . . . . Exploration Rate (%) 38 | 3 97 14 38 Regions Visited 3 Branch Regions 1 Pre-discovered Areas . | . . . . Known Exits Taken . | . . . . Unknown Exits Taken 3 | 1 1 1 . Scrap Searched . | . . . . Spaces Dug . | . . . . Terrain Destroyed 3 | . . . 3 Melee . | . . . . Projectile 3 | . . . 3 AOE . | . . . . Terrain Rammed . | . . . . Walls Destroyed . | . . . . Machines Disabled . | . . . . Actions | -11 -10 -10 -8 --------- Run | Yrd Mat Sub Mat Total 1956 | 82 956 228 690 Wait 106 | . 23 33 50 Move 1612 | 55 851 167 539 Hop . | . . . . Pick Up 39 | 6 22 2 9 Fast Attach 11 | 6 2 2 1 Attach 13 | 1 1 3 8 Detach 1 | . . 1 . Swap 26 | 2 12 1 11 Drop 25 | 1 17 1 6 Fire 110 | 11 28 18 53 Melee 13 | . . . 13 Ram . | . . . . Kick . | . . . . Crush . | . . . . Escape Stasis . | . . . . Rewire . | . . . . Trap . | . . . . Miscellaneous . | . . . . Route ------- -11/Scrapyard -10/Materials (discovered 5 exits: *Mat x3 / *Min / *Sub) -10/Subcaves -8/Materials History --------- Turn | Location | Event 16 | -11/Scrapyard | Discovered new exit (range 15) 102 | -11/Scrapyard | Entered Materials 247 | -10/Materials | Discovered new exit (range 15) 514 | -10/Materials | Discovered new exit (range 4) 599 | -10/Materials | Discovered new exit (range 15) 632 | -10/Materials | Identified exit to Materials 713 | -10/Materials | Build established: Mutant 836 | -10/Materials | Identified exit to Mines 836 | -10/Materials | Central database locked down 1105 | -10/Materials | Discovered new exit (range 9) 1113 | -10/Materials | Entered Subcaves 1264 | -10/Subcaves | Shifting Twisted Machinery released Sub. Power Source 1302 | -10/Subcaves | Core integrity fell below 50% 1309 | -10/Subcaves | Core integrity fell below 20% 1365 | -10/Subcaves | Discovered new exit (range 7) 1372 | -10/Subcaves | Entered Materials 1372 | -8/Materials | Evolved 4 slots: Propulsion x1, Utility x2, Weapon x1 1406 | -8/Materials | Found Prototype Launcher 1417 | -8/Materials | Identified Rocket Array 2064 | -8/Materials | Garrison activated, responded to threat 2266 | -8/Materials | Self-destructed Last Messages --------------- 02109_ Hrd. Medium Armor Plating severed. 02110_ L-31 Rogue suffers critical hit (Smash). 02110_ Destroyed Katana. 02110_ L-31 Rogue system corrupted by crushing effect. 02110_ K-01 Serf collects debris. 02123_ Acquired Hrd. Medium Armor Plating. 02127_ Acquired 10 matter. 02182_ Dropped Autogun. 02213_ G-47 Trooper destroyed. 02217_ Critical hit (Burn: +37). 02218_ S-10 Pest destroyed. 02233_ Com. Wheel destroyed. 02236_ K-01 Serf collects debris. 02237_ Imp. Treads destroyed. 02247_ Critical hit (Burn: +37). 02253_ G-47 Trooper destroyed. 02253_ Switching to secondary target: S-10 Pest. 02258_ Destroyed Flight Unit. 02263_ Destroyed Lgt. Ion Engine. 02263_ S-10 Pest destroyed. Map ----- +----------------------------------------------------+ | ???????????????# #????????????? | | ???????????????# #????????????? | | ???????+##+##### #????????????? | | ??????? #????????????? | | ??????? ^ #????????????? | | ??????# != ###????????????? | | ??????# != "#?????????????? | | ??????# == "#?????????????? | | ??????# "#?????????????? | | ??????# ^ ! / T#?????????????? | | ??????# ] "#?????????????? | | ???????+## """^ "#?????????????? | | ?????????# """ "#?????????????? | | ?????????# """ ########???????? | | ?????????# """ == # #???????? | | ?????????# """ = # #???????? | | ?????????+ # #???????? | | ?????????# #* #???????? | | ?????????### /=#=! #???????? | | ???????????# ### ###%+%= #???????? | | ???????????# #?# ###[########???????? | | ???????????# #?# ## *[ #??????????? | | ???????????#[#?# ##[[ /!!#??????????? | | ????????####+### ##[[//!!#??????????? | | ????????# *%=!# #########??????????? | | ????????# @# #####??????????????? | | ????????#! """=+% = #?????????????? | | ????????# """*# *%[ #?????????????? | | ????????# """ # ! #?????????????? | | ????????#[ # ! #?????????????? | | ????????######## +?????????????? | | ???????????????# #?????????????? | | ???????????????# " " #?????????????? | | ???????????????# "G" ! #?????????????? | | ???????????????? ?"" #?????????????? | | ???????????????????? #?????????????? | | ?????????????????????? #?????????????? | | ?????????????x????????????????????????? | | ??????????????????????????????????????? | | ??????????????????????????????????????? | | ??????????????????????????????????????? | | ??????????????????????????????????????? | | ??????????????????????????????????????? | | ??????????????????????????????????????? | | ??????????????????????????????????????? | | ??????????????????????????????????????? | | ??????????????????????????????????????? | | | | | | | +----------------------------------------------------+ Best States ------------- Heat Dissipation 31 Energy Generation 15 Energy Capacity 200 Matter Stores 300 Matter Capacity 300 Sight Range 16 Robot Scan Range 15 Terrain Scan Range 16 Terrain Scan Density 10 Armor Coverage 225 Evasion (%) 42 Targeting Accuracy 5 Recoil Reduction 1 Item Schematics ----------------- Imp. Signal Interpreter | -8/Materials | Scanalyzed Rocket Array | -8/Materials | Scanalyzed Robot Schematics ------------------ None Fabricated ------------ Nothing Repaired ---------- Nothing Alien Tech Used ----------------- None Achievements -------------- None Challenges ------------ None Game ------ Seed BackupLegReconfigurator Manual? 0 Play Time 00:57:41 Cumulative 51.4 hours Start 2025.05.15 @ 21:14:29 End 2025.05.15 @ 22:12:07 Sessions 1 Manual Loads 0 Difficulty Rogue Special Mode None Game No. 56 Rogue 56 Adventurer 0 Explorer 0 Win Type - Total 0 Types 0/0/0/0/0/0/0/0/0/0 Lore% 14 Gallery% 21 Achievement% 21 Wizard Run 0 Options --------- Layout 0 ASCII 0 Keyboard 0 Movement Mouse Keybinds 0 Fullscreen 1 Font 16/TerminusTall Map View 75x55 Zoom Use 0% Tactical HUD 1 Map Filters NONE Filters NONE Steam 1 RUN: 54c51a49-5e50-4c1a-a21c-4c7ad18e5a89